 Dungeon Crawl Stone Soup version 0.27.0-1-g7a089689b8 (webtiles) character file.

Game seed: 13129854136885546357

53998 SnakkuSnakku7 the Phalangite (level 14, -4/123 HPs)
             Began as a Merfolk Necromancer on Aug 7, 2021.
             Was a High Priest of Trog.
             Killed from afar by an oklob plant (15 damage)
             ... with a splash of acid
             ... on level 13 of the Dungeon.
             The game lasted 00:27:48 (17820 turns).

SnakkuSnakku7 the Phalangite (Merfolk Necromancer) Turns: 17820, Time: 00:27:49

Health: -4/123     AC: 16    Str: 23    XL:     14   Next: 70%
Magic:  0/17       EV: 18    Int: 14    God:    Trog [*****.]
Gold:   1110       SH:  0    Dex: 19    Spells: 17/17 levels left

rFire    . . .     SeeInvis .   a - +8 bardiche (flame)
rCold    + . .     Faith    .   (shield currently unavailable)
rNeg     . . .     Spirit   +   K - +4 scale mail "Nigodu" {Fly Slay+5 Stlth+}
rPois    +         Reflect  .   j - +2 helmet
rElec    .         Harm     .   (no cloak)
rCorr    .         Rampage  .   w - +1 pair of gloves
Will     +....                  o - +0 pair of boots "Amotwoos" {Str+4}
Stlth    ++........             c - amulet of guardian spirit
HPRegen  0.30/turn              l - ring of poison resistance
MPRegen  0.15/turn              p - ring "Ykhlocoz" {Fly rPois rC+ Str+6 Dex+4}

@: on berserk cooldown, flying, slowed, very slow
A: (nimble swimmer 2), mertail
a: Renounce Religion, Berserk, Trog's Hand, Brothers in Arms


You were on level 13 of the Dungeon.
You worshipped Trog.
Trog was extremely pleased with you.
You visited 2 branches of the dungeon, and saw 16 of its levels.
You also visited: Ossuary and Bailey.

You collected 2662 gold pieces.
You spent 1552 gold pieces at shops.

Inventory:

Hand Weapons
 a - a +8 bardiche of flaming (weapon)
 b - a +10 antimagic halberd
Missiles
 H - 13 curare-tipped darts (quivered)
Armour
 j - a +2 helmet (worn)
 o - the +0 pair of boots "Amotwoos" (worn) {Str+4}
   (You found it on level 5 of the Dungeon)

   Str:       It affects your strength (+4).
 w - a +1 pair of gloves (worn)
 K - the +4 scale mail "Nigodu" (worn) {Fly Slay+5 Stlth+}
   (You found it on level 14 of the Dungeon)

   Slay:      It affects your accuracy & damage with ranged weapons and melee
   (+5).
   Fly:       It grants you flight.
   Stlth:     It makes you more stealthy.
Jewellery
 c - an amulet of guardian spirit (around neck)
 l - a ring of poison resistance (left hand)
 p - the ring "Ykhlocoz" (right hand) {Fly rPois rC+ Str+6 Dex+4}
   (You took it off a kobold brigand on level 8 of the Dungeon)

   [ring of strength]

   Str:       It affects your strength (+6).
   Dex:       It affects your dexterity (+4).
   rC:        It protects you from cold.
   rPois:     It protects you from poison.
   Fly:       It grants you flight.
 M - a ring of magical power
Wands
 k - a wand of polymorph (11)
 n - a wand of digging (5)
 v - a wand of acid (6)
 y - a wand of mindburst (16)
 z - a wand of flame (31)
 J - a wand of charming (4)
Scrolls
 i - 5 scrolls of enchant armour
 m - a scroll of identify
 q - 6 scrolls of teleportation
 B - 5 scrolls of fog
 C - 2 scrolls of blinking
 D - 3 scrolls of magic mapping
 E - 2 scrolls of summoning
 I - 2 scrolls of fear
Potions
 d - 14 potions of curing
 e - 4 potions of flight
 f - 6 potions of ambrosia
 g - 2 potions of cancellation
 h - 6 potions of lignification
 r - a potion of might
 s - 4 potions of haste
 t - a potion of resistance
 u - a potion of magic
 F - 2 potions of attraction
 L - 9 potions of heal wounds
Miscellaneous
 G - a tin of tremorstones (2/2)


   Skills:
 - Level 15.0 Fighting
 - Level 23.0 Polearms
 + Level 13.0 Dodging
 - Level 2.1 Stealth
 - Level 2.0 Spellcasting
 - Level 3.2 Necromancy


You had 17 spell levels left.
You didn't know any spells.
Your spell library contained the following spells:

 Spells                   Type           Power      Damage    Failure   Level
 Animate Skeleton         Necr           20%        N/A       17%         1
 Pain                     Necr           40%        1d6       17%         1
 Vampiric Draining        Necr           5%         2d6       45%         3
 Animate Dead             Necr           5%         N/A       86%         4
 Portal Projectile        Hex/Tloc       2%         N/A       88%         3
 Agony                    Necr           10%        N/A       99%         5
 Excruciating Wounds      Necr           5%         N/A       99%         5
 Blade Hands              Tmut           0%         N/A       100%        5


Dungeon Overview and Level Annotations

Branches:
Dungeon (15/15)            Temple (1/1) D:4            Lair (0/6) D:9
    Orc (0/2) D:12         Vaults (0/5) D:14         Depths (0/5) D:15
Ossuary (visited)          Bailey (visited)

Altars:
Ashenzari
Cheibriados
Dithmenos
Elyvilon
Fedhas
Gozag
Hepliaklqana
Kikubaaqudgha
Makhleb
Nemelex Xobeh
Okawaru
Qazlal
Ru
Sif Muna
Trog
Uskayaw
Vehumet
Wu Jian
Xom
Yredelemnul
Zin
The Shining One

Shops:
D:8 !

Annotations:
D:13 1 transporter, exclusion: oklob plant, Buchaag's ghost, novice MiMo
D:14 2 transporters, shummie's ghost, adept TeWr


Innate Abilities, Weirdness & Mutations

((You are quick and stealthy near water. (Stealth+, EV+, Speed+++)))
Your lower body shifts to a powerful aquatic tail in water.


Message History

The basilisk bites you but does no damage.
The tengu warrior hits you from afar with a +0 bardiche!
The basilisk bites you!
The tengu warrior hits you from afar with a +0 bardiche!
The basilisk bites you but does no damage.
The tengu warrior hits you from afar with a +0 bardiche!
You turn to flesh and can move again.
Unknown command.
Unknown command.
You slice the basilisk!! You burn the basilisk.
You kill the basilisk!
Trog accepts your kill.
The tengu warrior hits you but does no damage.
Reach: a) +8 bardiche (flame)
Press: ? - help, Dir - move target, f - Buchaag's ghost
Aim: Buchaag's ghost (about 20% to evade your +8 bardiche of flaming)
You slice Buchaag's ghost!! You burn Buchaag's ghost!
Buchaag's ghost is heavily damaged.
Buchaag's ghost hits you.
The tengu warrior hits you from afar with a +0 bardiche!
* * * LOW HITPOINT WARNING * * *
Buchaag's ghost hits you.
* * * LOW HITPOINT WARNING * * *
The tengu warrior hits you from afar with a +0 bardiche!!
* * * LOW HITPOINT WARNING * * *
Blink to where?
Press: ? - help, Dir - move target, f - you, p - Buchaag's ghost
Okay, then.
You feel much better. Buchaag's ghost completely misses you.
The tengu warrior hits you from afar with a +0 bardiche!
* * * LOW HITPOINT WARNING * * *
Blink to where?
Press: ? - help, Dir - move target, p - Buchaag's ghost Really blink into a travel-excluded area?
As you read the scroll of blinking, it crumbles to dust.
The tengu warrior throws a stone.
The stone hits you!
* * * LOW HITPOINT WARNING * * *
The oklob plant spits acid at you. The splash of acid hits you!
You die...

######..#..#####...........#.....
........#..# #...........#.....
........##.# #....#####..#.....
##.......#.# #...##...##.#.....
#.......#.# #..##.###W##.....#
#.......#.# ##.##.....$.##....#
#.......#)# ##.##P≈.$..≈.8##...#
#.(..†..#.###.##..#.###$#..##..#
#.).....#.##.##@.≈.##[##$≈$.##.#
#.......#....#.#.$##.:..#..#.#..
#.......#...©#©#..#/|...#..#©#©.
##.....(.#....#W#...#.|)##..#.#..
.........###..##)Q..##.##.≈..##..
_..........#.#.##.≈#.###$#≈.##...
...........#.#..##8.≈.Q.≈.8##....
...........#.#...##..≈.≈.Q##..<..
...........#.#....##.###l##.###..


You could see a tengu warrior, an oklob plant and Buchaag's ghost.

Vanquished Creatures
  Frances (D:13)
  Agnes (D:15)
  A tengu reaver (D:13)
  Azrael (D:15)
  4 hydras
  2 vault guards (D:14)
  4 boulder beetles
  An ogre mage (D:15)
  7 two-headed ogres
  6 centaur warriors
  3 tengu warriors
  Sonja (D:13)
  4 skeletal warriors (D:14)
  4 ugly things
  A deep elf zephyrmancer (D:15)
  2 necromancers (D:14)
  A wolf spider (D:15)
  A deep elf pyromancer (D:13)
  2 manticores
  2 cyclopes (D:13)
  A salamander (D:15)
  A guardian serpent (shapeshifter) (D:15)
  A gargoyle (D:11)
  A tengu conjurer (D:13)
  2 unseen horrors (D:11)
  2 komodo dragons
  A kobold demonologist (D:12)
  An efreet (D:14)
  A yaktaur (D:15)
  A queen bee (D:15)
  3 meliai (D:15)
  2 trolls
  A hornet (D:7)
  A meliai zombie (D:11)
  17 slime creatures
  A vampire (D:9)
  A water elemental (D:14)
  3 wraiths
  2 shadows
  3 yaks (D:8)
  2 basilisks
  3 fire elementals (D:15)
  The ghost of SweetAndFullOfGrace the Vandal, an amateur DrAM (D:3)
  21 humans (D:14)
  16 vampire mosquitoes
  A steam dragon (D:6)
  A water moccasin (D:7)
  11 orc warriors
  4 hell hounds (D:15)
  A black bear (D:6)
  A black bear (shapeshifter) (D:15)
  A hornet zombie (D:8)
  A necrophage (D:6)
  2 ogres (D:15)
  2 phantoms
  16 centaurs
  2 elf zombies (Ossuary)
  7 kobold brigands
  A bullfrog (D:7)
  A gnoll sergeant (D:13)
  A wyvern zombie (D:5)
  A wyvern skeleton (D:7)
  30 killer bees
  2 howler monkeys
  An electric eel (D:14)
  4 centaur zombies
  A bullfrog zombie (D:5)
  2 hounds (D:5)
  3 bullfrog skeletons
  A jelly (D:5)
  2 centaur skeletons (D:9)
  4 gnoll shamans
  5 orc priests
  An iguana (D:5)
  Ijyb (D:3)
  14 orc wizards
  Natasha (thrice) (D:3)
  3 killer bee zombies
  A hound zombie (Ossuary)
  A hound skeleton (D:4)
  Robin (D:2)
  A howler monkey zombie (D:9)
  4 mummies (Ossuary)
  16 gnolls
  6 adders
  A shadow imp (D:6)
  A white imp (D:5)
  A howler monkey simulacrum (D:9)
  2 ufetubi
  4 adder zombies (Ossuary)
  2 worms
  6 dart slugs
  51 orcs
  5 ball pythons
  6 endoplasms
  2 giant cockroaches
  10 hobgoblins
  13 jackals
  3 quokkas
  14 bats
  4 frilled lizards
  19 goblins
  2 goblin zombies
  A hobgoblin zombie (Ossuary)
  43 kobolds
  2 kobold zombies (Ossuary)
  4 rats
  2 rat zombies
497 creatures vanquished.

Vanquished Creatures (others)
  2 fungi (D:3)
  10 plants
12 creatures vanquished.

Grand Total: 509 creatures vanquished

Notes
Turn   | Place    | Note
-------+----------+-------------------------------------------
     0 | D:1      | SnakkuSnakku7 the Merfolk Necromancer began the quest for
                  | the Orb.
     0 | D:1      | Reached XP level 1. HP: 13/13 MP: 3/3
    84 | D:1      | Reached skill level 1 in Fighting
   163 | D:1      | Reached skill level 1 in Polearms
   163 | D:1      | Reached XP level 2. HP: 13/21 MP: 5/5
   391 | D:1      | Found a faded altar of an unknown god.
   546 | D:1      | Reached skill level 2 in Polearms
   762 | D:2      | Reached XP level 3. HP: 11/27 MP: 6/6
  1006 | D:2      | Reached skill level 3 in Polearms
  1129 | D:2      | Reached XP level 4. HP: 33/33 MP: 7/7
  1882 | D:3      | Noticed Robin
  2607 | D:2      | Killed Robin
  2856 | D:2      | Reached skill level 4 in Polearms
  2986 | D:3      | Noticed Natasha
  2995 | D:3      | Killed Natasha
  2996 | D:3      | Reached XP level 5. HP: 26/41 MP: 8/8
  3105 | D:3      | Found a sparkling altar of Nemelex Xobeh.
  3256 | D:3      | Found a runed translucent gate.
  3257 | D:3      | Found a runed translucent gate.
  3257 | D:3      | Found a runed translucent gate.
  3258 | D:3      | Noticed SweetAndFullOfGrace's ghost (amateur DrAM)
  3262 | D:3      | Noticed a kobold brigand
  3282 | D:3      | Noticed Ijyb
  3539 | D:3      | Reached skill level 5 in Polearms
  4056 | D:4      | Reached XP level 6. HP: 48/48 MP: 9/9
  4443 | D:4      | Reached skill level 6 in Polearms
  4453 | D:4      | Reached skill level 5 in Fighting
  4617 | D:4      | Found a staircase to the Ecumenical Temple.
  4626 | Temple   | Entered the Ecumenical Temple
  4664 | Temple   | Became a worshipper of Trog the Wrathful
  5101 | D:5      | Entered Level 5 of the Dungeon
  5120 | D:5      | Identified the +0 pair of boots "Amotwoos" {Str+4}
  5323 | D:5      | Reached XP level 7. HP: 52/56 MP: 10/10
  5333 | D:5      | Reached skill level 7 in Polearms
  5931 | D:5      | Reached skill level 8 in Polearms
  5935 | D:5      | Reached * piety under Trog
  5969 | D:5      | Reached XP level 8. HP: 47/65 MP: 11/11
  6013 | D:5      | Found a blossoming altar of Fedhas.
  6068 | D:5      | Found an iron altar of Okawaru.
  6310 | D:3      | Killed Ijyb
  6311 | D:3      | Reached skill level 9 in Polearms
  6469 | D:3      | Noticed Natasha
  6479 | D:3      | Killed Natasha
  6484 | D:3      | Noticed Natasha
  6498 | D:3      | Killed Natasha
  6593 | D:3      | You fall into a shaft and drop 3 floors!
  6918 | D:6      | Reached skill level 10 in Polearms
  7020 | D:3      | Reached ** piety under Trog
  7195 | D:3      | Killed SweetAndFullOfGrace's ghost
  7325 | D:6      | Reached skill level 11 in Polearms
  7512 | D:6      | Reached XP level 9. HP: 68/74 MP: 12/12
  7592 | D:6      | Found a glowing silver altar of Zin.
  7593 | D:6      | Found a radiant altar of Vehumet.
  7654 | D:6      | Reached skill level 12 in Polearms
  7734 | D:6      | Found a shadowy altar of Dithmenos.
  8071 | D:7      | Found a sand-covered staircase.
  8087 | Ossuary  | Entered an ossuary
  8100 | Ossuary  | Reached skill level 13 in Polearms
  8145 | Ossuary  | Reached *** piety under Trog
  8372 | D:7      | Found a flagged portal.
  8389 | Bailey   | Entered a bailey
  8501 | Bailey   | Reached skill level 14 in Polearms
  8595 | Bailey   | Reached skill level 5 in Dodging
  8769 | D:7      | Reached XP level 10. HP: 80/80 MP: 13/13
  8785 | D:7      | Found Tiap's Magic Scroll Shop.
  8795 | D:7      | Bought a scroll of enchant armour for 75 gold pieces
  8795 | D:7      | Bought a scroll of enchant armour for 75 gold pieces
  8795 | D:7      | Bought a scroll of magic mapping for 35 gold pieces
  8795 | D:7      | Bought a scroll of acquirement for 520 gold pieces
  8795 | D:7      | Bought a scroll of teleportation for 30 gold pieces
  8795 | D:7      | Bought a scroll of teleportation for 30 gold pieces
  8795 | D:7      | Bought a scroll of enchant weapon for 75 gold pieces
  8795 | D:7      | Bought a scroll of identify for 20 gold pieces
  8795 | D:7      | Bought 2 scrolls of identify for 40 gold pieces
  8795 | D:7      | Bought a scroll of identify for 20 gold pieces
  8795 | D:7      | Bought a scroll of identify for 20 gold pieces
  8798 | D:7      | Acquired a +2 bardiche of flaming
  9283 | D:7      | Found a broken altar of Ashenzari.
  9329 | D:7      | Found a sacrificial altar of Ru.
  9338 | D:7      | Found a stormy altar of Qazlal.
  9475 | D:8      | Reached **** piety under Trog
  9585 | D:8      | Found Okarias's Distillery.
  9606 | D:8      | Bought a potion of heal wounds for 60 gold pieces
  9606 | D:8      | Bought a potion of heal wounds for 60 gold pieces
  9606 | D:8      | Bought a potion of heal wounds for 60 gold pieces
  9606 | D:8      | Bought a potion of haste for 120 gold pieces
  9606 | D:8      | Bought a potion of might for 48 gold pieces
  9606 | D:8      | Bought a potion of resistance for 120 gold pieces
  9606 | D:8      | Bought a potion of curing for 36 gold pieces
  9606 | D:8      | Bought 2 potions of curing for 72 gold pieces
  9606 | D:8      | Bought a potion of curing for 36 gold pieces
  9738 | D:8      | Reached skill level 15 in Polearms
  9907 | D:8      | Reached skill level 16 in Polearms
 10089 | D:8      | Found an iron altar of Okawaru.
 10231 | D:8      | Identified the ring "Ykhlocoz" {Fly rPois rC+ Str+6 Dex+4}
 10425 | D:9      | Found a glowing golden altar of the Shining One.
 10531 | D:9      | Found a white marble altar of Elyvilon.
 10688 | D:9      | Reached skill level 17 in Polearms
 10884 | D:9      | Found a staircase to the Lair.
 11064 | D:10     | Entered Level 10 of the Dungeon
 11074 | D:10     | Reached XP level 11. HP: 86/86 MP: 14/14
 11137 | D:10     | Reached ***** piety under Trog
 11144 | D:10     | Reached skill level 18 in Polearms
 11396 | D:10     | Found a hazy altar of Hepliaklqana.
 11522 | D:10     | Found a snail-covered altar of Cheibriados.
 11698 | D:11     | Noticed a two-headed ogre
 11716 | D:11     | Killed a two-headed ogre
 11787 | D:11     | Reached skill level 19 in Polearms
 12361 | D:12     | Noticed a manticore
 12367 | D:12     | Killed a manticore
 12368 | D:12     | Reached skill level 20 in Polearms
 12402 | D:12     | Noticed a centaur warrior
 12404 | D:12     | Killed a centaur warrior
 12462 | D:12     | Noticed a boulder beetle
 12469 | D:12     | Killed a boulder beetle
 12478 | D:12     | Noticed a sixfirhy
 12571 | D:12     | Found a staircase to the Orcish Mines.
 12595 | D:12     | Noticed a two-headed ogre
 12600 | D:12     | Killed a two-headed ogre
 12656 | D:12     | Reached skill level 21 in Polearms
 12656 | D:12     | Reached XP level 12. HP: 92/92 MP: 15/15
 13327 | D:13     | Found a transporter.
 13327 | D:13     | Found a transporter.
 13329 | D:13     | Noticed Buchaag's ghost (novice MiMo)
 13330 | D:13     | Noticed a five-headed hydra
 13337 | D:13     | Killed a one-headed hydra
 13338 | D:13     | Reached skill level 22 in Polearms
 13348 | D:13     | Identified the +10 glaive "Raywnah" {chaos, rC+ MP+9}
 13348 | D:13     | Noticed a tengu reaver
 13354 | D:13     | Noticed a tengu warrior
 13371 | D:13     | Noticed a tengu warrior
 13391 | D:13     | Killed a tengu warrior
 13411 | D:13     | Noticed a six-headed hydra
 13413 | D:13     | Found an opulent altar of Gozag.
 13416 | D:13     | Killed a four-headed hydra
 13416 | D:13     | Received a gift from Trog
 13416 | D:13     | Noticed a boulder beetle
 13429 | D:13     | Killed a boulder beetle
 13526 | D:13     | Noticed a centaur warrior
 13542 | D:13     | Killed a centaur warrior
 13543 | D:13     | Reached skill level 23 in Polearms
 13887 | D:13     | Noticed Sonja
 13889 | D:13     | Killed Sonja
 13971 | D:13     | Noticed an eight-headed hydra
 14151 | D:13     | Noticed Frances
 14161 | D:13     | Killed Frances
 14162 | D:13     | Reached skill level 10 in Fighting
 14162 | D:13     | Reached XP level 13. HP: 104/104 MP: 10/16
 14996 | D:14     | Noticed shummie's ghost (adept TeWr)
 14997 | D:14     | Found a transporter.
 15001 | D:14     | Found a transporter.
 15140 | D:14     | Identified the +4 scale mail "Nigodu" {Fly Slay+5 Stlth+}
 15807 | D:14     | Received a gift from Trog
 15924 | D:14     | Noticed a vault guard
 15931 | D:14     | Killed a vault guard
 15934 | D:14     | Noticed a vault guard
 15940 | D:14     | Killed a vault guard
 15964 | D:14     | Found a gate to the Vaults.
 16098 | D:15     | Entered Level 15 of the Dungeon
 16123 | D:15     | Reached XP level 14. HP: 121/121 MP: 17/17
 16138 | D:15     | Found a hide-covered altar of Uskayaw.
 16173 | D:15     | Reached skill level 15 in Fighting
 16408 | D:15     | Found a staircase to the Depths.
 16683 | D:15     | Found a shadowy altar of Dithmenos.
 16692 | D:15     | Noticed Agnes
 16698 | D:15     | Killed Agnes
 16913 | D:15     | Noticed Azrael
 16935 | D:15     | Killed Azrael
 16936 | D:15     | Reached skill level 10 in Dodging
 17375 | D:15     | Received a gift from Trog
 17793 | D:13     | Killed a tengu reaver
 17818 | D:13     | HP: 6/123 [tengu warrior (18)]
 17820 | D:13     | Killed from afar by an oklob plant

Illustrated notes

Levels and vault maps discovered:
D:1:      dpeg_arrival_simpleton_a, layout_rooms,
          shapermc_ecumenical_altar_mp_ritualfount
D:2:      layout_loops_ring, serial_rivers, chequers_serial_rivers_micro_b,
          chequers_serial_rivers_room_a, chequers_serial_rivers_micro_e,
          chequers_serial_rivers_large_a, chequers_serial_rivers_small_a,
          minmay_vboxes
D:3:      layout_basic, mainiacjoe_overflow_surrounded_room,
          gammafunk_ghost_nasty_kobolds, hangedman_decor_lopped, uniq_robin,
          uniq_natasha, uniq_ijyb
D:4:      layout_loops_ring, lemuel_temple_firewalk_b, serial_forest,
          infiniplex_forest_clump_small, infiniplex_forest_lined_corner,
          infiniplex_forest_clump_medium, infiniplex_forest_lined_room_3,
          infiniplex_forest_clump_tiny, infiniplex_forest_straight_2
D:5:      layout_basic, general_overflow_altar, roderic_batcave,
          minmay_ruined_shrine
D:6:      layout_loops_corners, overflow_temple_1_default,
          mainiacjoe_overflow_divided_tiny
D:7:      layout_cave_pools, mainiacjoe_overflow_swirl,
          mainiacjoe_overflow_alcove_2, enter_ossuary_4, enter_bailey_4,
          serial_shops, shop
D:8:      layout_cave_pods, overflow_temple_1_default, serial_shops, shop_coins
D:9:      layout_roguey, elyvilon_altar_5, overflow_temple_1_default,
          david_lair_shrubbed, roderic_malta_cross, hangedman_weighted_door
D:10:     layout_rooms, nicolae_hepliaklqana_hazy_memory,
          mainiacjoe_overflow_24_doors
D:11:     layout_roguey
D:12:     layout_loops_cross, orc_0_dummy, serial_glass, glass_columns_c,
          glass_columns_a, grunt_decor_clamped
D:13:     layout_irregular_city, nzn_ghost_randoct, nicolae_gozag_seed_capital,
          uniq_frances, uniq_sonja
D:14:     layout_irregular_city, grunt_vaults_entry_tiered,
          serial_bayou_shore_a, gammafunk_ghost_hive
D:15:     hangedman_depths_entry_try_elsewhere_first, layout_rooms,
          grunt_dithmenos_smoke_and_mirrors, special_room [special_room_bee],
          minivault_25, eat_drink_and_be_merry_uskayaw, uniq_azrael, uniq_agnes
Temple:   compressed_dpeg_triangle_lava_temple

Skill      XL: |  1  2  3  4  5  6  7  8  9 10 11 12 13 14 |
---------------+-------------------------------------------+-----
Fighting       | 1 2 3 4 5 6 8 10 14 15 | 15.0
Polearms       | 1 2 3 4 5 6 8 11 14 17 21 23 | 23.0
Dodging        | 7 13 | 13.0
Stealth        | |  2.1
Spellcasting   | |  2.0
Necromancy     | |  3.2

Action                   |  1- 3 |  4- 6 |  7- 9 | 10-12 | 13-15 || total
-------------------------+-------+-------+-------+-------+-------++-------
Melee: Spear             |   124 |   304 |       |       |       ||   428
       Unarmed           |     6 |       |       |       |       ||     6
       Tailslap          |     2 |       |     7 |       |       ||     9
       Trident           |       |   124 |   534 |       |       ||   658
       Bardiche          |       |       |       |   380 |   291 ||   671
 Cast: Pain              |     6 |       |       |       |       ||     6
Invok: Berserk           |       |       |     6 |     8 |    10 ||    24
Evoke: Wand              |       |       |       |     2 |       ||     2
  Use: Scroll            |       |       |     6 |    18 |     6 ||    30
       Potion            |       |       |       |       |     1 ||     1
 Stab: Sleeping          |     1 |       |     1 |       |       ||     2
       Distracted        |       |       |       |       |     1 ||     1
Armor: Robe              |    16 |       |       |       |       ||    16
       Scale mail        |    30 |   165 |   143 |   196 |   132 ||   666
       Steam dragon scal |       |       |    41 |       |       ||    41
Dodge: Dodged            |    68 |   192 |   230 |   280 |   225 ||   995
